 Dungeon Crawl Stone Soup version 0.19.0-9-gfd783f2 (webtiles) character file.

41 Khazard the Cutter (level 3, 0/24 HPs)
             Began as a High Elf Warper on Nov 7, 2016.
             Succumbed to an adder's poison
             ... on level 2 of the Dungeon.
             The game lasted 00:01:47 (1935 turns).

Khazard the Cutter (High Elf Warper)                Turns: 1935, Time: 00:01:47

Health: 0/24       AC:  1    Str: 10 (11) XL:     3   Next: 32%
Magic:  5/7        EV: 11    Int: 15 (17) God:
Gold:   65         SH:  3    Dex: 12 (14) Spells: 2 memorised, 2 levels left

rFire  . . .     SeeInvis .     a - +0 short sword
rCold  . . .     Gourm    .     b - +0 leather armour
rNeg   . . .     Faith    .     j - +0 buckler
rPois  .         Spirit   .     (no helmet)
rElec  .         Reflect  .     (no cloak)
rCorr  .         Harm     .     (no gloves)
MR     .....                    (no boots)
Stlth  +.........               (no amulet)
                                (no ring)
                                (no ring)

@: lethally poisoned (0 -> -9)
A: deformed body, deterioration 2
a: no special abilities


You were on level 2 of the Dungeon.
You were not hungry.

You visited 1 branch of the dungeon, and saw 2 of its levels.

You collected 65 gold pieces.

Inventory:

Hand Weapons
 a - a +0 short sword (weapon)
Missiles
 e - 5 tomahawks of dispersal (quivered)
Armour
 b - a +0 leather armour (worn)
 j - a +0 buckler (worn)
Scrolls
 d - a scroll of blinking
 g - a scroll of remove curse {unknown}
 h - a scroll of magic mapping {unknown}
 i - a scroll of teleportation {unknown}
 k - a scroll of fog {unknown}
Books
 c - a book of Spatial Translocations

   Spells                             Type                      Level
   a - Blink                          Translocation                2
   b - Shroud of Golubria             Charms/Translocation         2
   c - Lesser Beckoning               Translocation                3
   d - Portal Projectile              Translocation                3
   e - Teleport Other                 Translocation                3
   f - Passage of Golubria            Translocation                4
Comestibles
 f - a meat ration


   Skills:
 - Level 2.0 Fighting
 + Level 4.6 Short Blades
 - Level 1.0 Throwing
 - Level 0.8 Armour
 - Level 2.1 Dodging
 - Level 2.4 Spellcasting
 - Level 3.2 Translocations


You had 2 spell levels left.
You knew the following spells:

 Your Spells              Type           Power        Failure   Level  Hunger
b - Blink                 Tloc           N/A          21%         2    ###....
c - Shroud of Golubria    Chrm/Tloc      #.........   38%         2    ###....


Dungeon Overview and Level Annotations

Branches:
Dungeon (2/15)

Altars:


Innate Abilities, Weirdness & Mutations

Armour fits poorly on your strangely shaped body.
Your body often deteriorates upon taking damage.


Message History

The adder poisons you!
Your shield prevents you from hitting the adder.
The adder is heavily wounded.
You feel sick.
Your shroud bends the adder's attack away.
You hit the adder but do no damage.
The adder is heavily wounded.
The adder bites you.
* * * LOW HITPOINT WARNING * * *
You closely miss the adder.
The adder is heavily wounded.
* * * LOW HITPOINT WARNING * * *
You feel sick. The adder misses you.
You aren't carrying any potions.
The adder closely misses you. The adder bites you.
* * * LOW HITPOINT WARNING * * *
Your body deteriorates!
You feel dopey.
You are more poisoned.
The adder poisons you!
Your shroud falls apart!
You die...

###.##........
#............#
#.#.##.......#
##.#.##.......#
#.......#######
#..#.##.###
#.........#
#.##...S..# #.
####@..# #
#...# .......
##...#...#
##.###.## ## ##


You could see an adder.

Vanquished Creatures
  3 dart slugs
  A leopard gecko (D:1)
  4 bats
  2 giant cockroaches
  5 goblins (D:1)
  4 hobgoblins
  3 quokkas (D:2)
  A frilled lizard (D:1)
  6 kobolds (D:1)
  A rat (D:1)
30 creatures vanquished.

Notes
Turn   | Place    | Note
-------+----------+-------------------------------------------
     0 | D:1      | Khazard the High Elf Warper began the quest for the Orb.
     0 | D:1      | Reached XP level 1. HP: 14/14 MP: 4/4
    46 | D:1      | Reached skill level 3 in Short Blades
   172 | D:1      | Reached XP level 2. HP: 19/19 MP: 6/6
   231 | D:1      | Learned a level 2 spell: Blink
   234 | D:1      | Learned a level 2 spell: Shroud of Golubria
   653 | D:1      | Reached skill level 4 in Short Blades
   855 | D:1      | Reached XP level 3. HP: 8/24 MP: 4/7
  1152 | D:1      | Gained mutation: Your body sometimes deteriorates upon taking damage. [potion of mutation]
  1152 | D:1      | Gained mutation: Your body often deteriorates upon taking damage. [potion of mutation]
  1152 | D:1      | Gained mutation: Armour fits poorly on your strangely shaped body. [potion of mutation]
  1934 | D:2      | HP: 1/24 [adder (5)]
  1935 | D:2      | Succumbed to an adder's poison

Skill      XL: |  1  2 |
---------------+-------+-----
Short Blades   | 3 4 |  4.6
Fighting       | |  2.0
Throwing       | |  1.0
Armour         | |  0.8
Dodging        | |  2.1
Spellcasting   | |  2.4
Translocations | |  3.2

Action                   || total
-------------------------++-------
Melee: Short sword       ||   158
 Cast: Shroud of Golubri ||    18
  Use: Potion            ||     3
  Eat: Bread ration      ||     1
Armor: Leather armour    ||    18
Dodge: Dodged            ||    79
Block: Buckler           ||     1
